 Dungeon Crawl Stone Soup version 0.21.1-1-g345015f (webtiles) character file.

3475 Kurtz the Martial Artist (level 9, -2/68 HPs)
             Began as a Mummy Monk on Mar 28, 2018.
             Slain by a two-headed ogre
             ... wielding a +0 giant spiked club
              (11 damage)
             ... on level 7 of the Dungeon.
             The game lasted 00:23:52 (38051 turns).

Kurtz the Martial Artist (Mummy Monk)              Turns: 38051, Time: 00:23:52

Health: -2/68      AC:  8    Str: 15    XL:     9   Next: 79%
Magic:  9/9        EV: 14    Int:  9    God:
Gold:   370        SH:  0    Dex: 17    Spells: 8/8 levels left

rFire    x . .     SeeInvis .     - Unarmed
rCold    + + .     Gourm    .   (no shield)
rNeg     + + +     Faith    .   (no armour)
rPois    ∞         Spirit   .   l - +0 helmet
rElec    .         Reflect  .   q - +0 cloak
rCorr    .         Harm     .   a - +0 pair of gloves
MR       +....                  (no boots)
Stlth    ++........             (no amulet)
HPRegen  0.21/turn              e - +5 ring of protection (curse) {ring of the ramses}
MPRegen  0.11/turn              t - ring of protection from cold

@: no status effects
A: no food or potions, fire vulnerability, cold resistance 1, negative energy
resistance 3, torment resistance, unbreathing
a: no special abilities


You were on level 7 of the Dungeon.
You were not hungry.

You visited 2 branches of the dungeon, and saw 9 of its levels.

You collected 370 gold pieces.

Inventory:

Armour
 a - a +0 pair of gloves (worn)
 l - a +0 helmet (worn)
 q - a +0 cloak (worn)
Jewellery
 e - a cursed +5 ring of protection (left hand) {ring of the ramses}
 t - a ring of protection from cold (right hand)
Wands
 i - a wand of disintegration (17)
 j - a wand of digging (1)
 r - a wand of enslavement (16)
 u - a wand of random effects (19)
 v - a wand of flame (19)
 w - a wand of paralysis (6)
 x - a wand of acid (2)
Scrolls
 c - 8 scrolls of identify {unknown}
 d - 4 scrolls of enchant armour {unknown}
 f - 3 scrolls of amnesia {unknown}
 g - 4 scrolls of remove curse {unknown}
 k - a scroll of immolation {unknown}
 m - a scroll of fog {unknown}
 n - 2 scrolls of fear {unknown}
 o - a scroll of enchant weapon {unknown}
 s - a scroll of teleportation {unknown}
Books
 h - a book of Minor Magic

   Spells                             Type                      Level
   a - Magic Dart                     Conjuration                  1
   b - Blink                          Translocation                2
   c - Call Imp                       Summoning                    2
   d - Slow                           Hexes                        2
   e - Conjure Flame                  Conjuration/Fire             3
   f - Mephitic Cloud                 Conjuration/Poison/Air       3
 p - a book of Maledictions

   Spells                             Type                      Level
   a - Corona                         Hexes                        1
   b - Ensorcelled Hibernation        Hexes/Ice                    2
   c - Confuse                        Hexes                        3
   d - Tukima's Dance                 Hexes                        3
   e - Dazzling Spray                 Conjuration/Hexes            3
Comestibles
 b - 12 rations (quivered)


   Skills:
 * Level 5.2 Fighting
 * Level 3.5 Dodging
 - Level 3.0 Stealth
 * Level 10.8 Unarmed Combat


You had 8 spell levels left.
You didn't know any spells.

Dungeon Overview and Level Annotations

Branches:
Dungeon (8/15)             Temple (1/1) D:7
   Lair: D:8-11

Altars:
Dithmenos
Fedhas
Nemelex Xobeh
Okawaru
Qazlal
Ru
Sif Muna
Xom
Yredelemnul

Annotations:
D:4 :orc war


Innate Abilities, Weirdness & Mutations

You do not eat or drink.
Your flesh is vulnerable to fire.
You are immune to poison.
Your flesh is cold resistant. (rC+)
You are immune to negative energy. (rN+++)
You are immune to unholy pain and torment.
You can survive without breathing.


Message History

The two-headed ogre hits you with a dire flail!
* * * LOW HITPOINT WARNING * * *
You climb upwards.
There is a stone staircase leading down here.
Unknown command.
Unknown command.
The two-headed ogre completely misses you.
The two-headed ogre closely misses you.
There is an open door here.
There is a staircase to the Ecumenical Temple here.
There is an open door here.
There is an open door, spattered with blood here.
Items here: ))) [ a hand axe; a chain mail; a trident; a flail
There is an open door here.
There is a stone staircase leading up here.
The two-headed ogre hits you with a giant spiked club!
* * * LOW HITPOINT WARNING * * *
The two-headed ogre hits you with a dire flail!
You die...

##'####....#....#...........#....
......#....#....#...........#....
##...##..###...##.##...##..###..#
###)###..########.##...##..###..#
#.........'......(#..............
#.........#.......#..............
#.........#.....).#..............
#.........#.......##...##..###..#
#...##...##.##.O@.#######..###..#
#.####...##.##....##........#....
#.# #..............#........#....
#.###..............#........#....
#..................#........#....
#..................#........#....
#.._...##########################
#......# #......#


You could see a two-headed ogre.

Vanquished Creatures
  Grinder (D:6)
  Prince Ribbit (D:7)
  Sigmund (D:2)
  Menkaure (D:4)
  2 ice beasts
  2 orc warriors
  2 sky beasts (D:5)
  A black bear (D:3)
  2 phantoms (D:4)
  An ogre (D:7)
  2 centaurs
  The ghost of Captinkiss the Magician, an amateur DEWz (D:4)
  3 bullfrogs
  A howler monkey (D:8)
  4 crimson imps
  A centaur zombie (D:6)
  6 orc priests
  4 hounds
  Crazy Yiuf (D:2)
  A centaur skeleton (D:6)
  A bullfrog skeleton (D:5)
  5 worker ants
  Natasha (thrice) (D:2)
  11 orc wizards
  A killer bee zombie (D:5)
  A hound skeleton (D:4)
  4 gnolls (D:5)
  11 adders
  A howler monkey skeleton (D:6)
  A shadow imp (D:7)
  4 oozes
  An adder skeleton (D:5)
  2 adder zombies (D:6)
  3 worms
  5 dart slugs
  7 leopard geckos
  30 orcs
  5 bats
  8 giant cockroaches
  10 goblins
  5 hobgoblins
  19 jackals
  18 kobolds
  2 quokkas
  3 frilled lizards (D:2)
  A giant cockroach zombie (D:6)
  A quokka zombie (D:6)
  7 rats
208 creatures vanquished.

Notes
Turn   | Place    | Note
-------+----------+-------------------------------------------
     0 | D:1      | Kurtz the Mummy Monk began the quest for the Orb.
     0 | D:1      | Reached XP level 1. HP: 18/18 MP: 1/1
   144 | D:1      | Reached skill level 3 in Unarmed Combat
   144 | D:1      | Reached XP level 2. HP: 20/24 MP: 2/2
  1401 | D:1      | Reached XP level 3. HP: 29/29 MP: 3/3
  2494 | D:2      | Noticed Natasha
  2514 | D:2      | Killed Natasha
  2514 | D:2      | Reached skill level 4 in Unarmed Combat
  2514 | D:2      | Reached XP level 4. HP: 9/35 MP: 4/4
  4231 | D:2      | Noticed Natasha
  4244 | D:2      | Killed Natasha
  4521 | D:2      | Found a shimmering altar of Xom.
  5205 | D:2      | Noticed Natasha
  5221 | D:2      | Killed Natasha
  5221 | D:2      | Reached XP level 5. HP: 38/41 MP: 5/5
  5298 | D:2      | Noticed Sigmund
  5321 | D:2      | Killed Sigmund
  5321 | D:2      | Reached skill level 5 in Unarmed Combat
  5321 | D:2      | Reached XP level 6. HP: 21/47 MP: 6/6
  5700 | D:2      | Found a runed door.
 11702 | D:3      | Found a stormy altar of Qazlal.
 11703 | D:3      | Noticed a fire elemental
 11737 | D:3      | Noticed an air elemental
 11737 | D:3      | Noticed a water elemental
 12266 | D:4      | Reached skill level 6 in Unarmed Combat
 12500 | D:4      | Reached XP level 7. HP: 49/52 MP: 7/7
 13627 | D:4      | Noticed Captinkiss's ghost (amateur DEWz)
 13627 | D:4      | fuck
 14216 | D:4      | Killed Captinkiss's ghost
 15860 | D:4      | Reached skill level 7 in Unarmed Combat
 16079 | D:4      | Noticed Menkaure
 16689 | D:4      | Killed Menkaure
 16689 | D:4      | Reached XP level 8. HP: 25/61 MP: 8/8
 16995 | D:4      | Reached skill level 5 in Fighting
 18832 | D:4      | Found an iron altar of Okawaru.
 19049 | D:5      | Entered Level 5 of the Dungeon
 19315 | D:5      | Found a blossoming altar of Fedhas.
 19315 | D:5      | Found a basalt altar of Yredelemnul.
 19316 | D:5      | Found a deep blue altar of Sif Muna.
 20642 | D:2      | Noticed Crazy Yiuf
 20649 | D:2      | Killed Crazy Yiuf
 23090 | D:5      | Reached skill level 8 in Unarmed Combat
 24690 | D:6      | Found a sparkling altar of Nemelex Xobeh.
 27352 | D:5      | Reached skill level 9 in Unarmed Combat
 27549 | D:6      | Reached XP level 9. HP: 57/68 MP: 9/9
 28477 | D:6      | Noticed Grinder
 28480 | D:6      | Paralysed by Grinder for 6 turns
 28599 | D:6      | Killed Grinder
 30532 | D:7      | Found a sacrificial altar of Ru.
 30585 | D:7      | Found a staircase to the Ecumenical Temple.
 32002 | D:6      | Reached skill level 10 in Unarmed Combat
 32804 | D:7      | Noticed Prince Ribbit
 33248 | D:7      | Killed Prince Ribbit
 34529 | Temple   | Entered the Ecumenical Temple
 37506 | D:8      | Noticed a two-headed ogre
 38051 | D:7      | Slain by a two-headed ogre

Skill      XL: |  1  2  3  4  5  6  7  8  9 |
---------------+----------------------------+-----
Unarmed Combat | 3 4 5 6 7 9 10 | 10.8
Stealth        | 2 3 |  3.0
Dodging        | 3 |  3.5
Fighting       | 4 5 |  5.2

Action                   |  1- 3 |  4- 6 |  7- 9 || total
-------------------------+-------+-------+-------++-------
Melee: Unarmed           |   124 |   261 |   574 ||   959
       Punch             |     4 |     4 |    30 ||    38
 Stab: Sleeping          |     5 |     5 |     4 ||    14
       Distracted        |       |       |     1 ||     1
Armor: Skin              |    10 |    53 |   123 ||   186
Dodge: Dodged            |    71 |   155 |   304 ||   530
